 Dungeon Crawl Stone Soup version 0.31-a0-1388-g4b2ba238e7 (webtiles) character file.

Game seed: 4627361758628474256

2177 croobank the Sneak (level 8, -6/63 HPs)
             Began as a Demigod Fire Elementalist on Dec 24, 2023.
             Mangled by a gargoyle
             ... wielding a +2 flail of protection
              (26 damage)
             ... on level 7 of the Dungeon on Dec 25, 2023.
             The game lasted 00:20:35 (8511 turns).

croobank the Sneak (Demigod Fire Elementalist)      Turns: 8511, Time: 00:20:36

Health: -6/63      AC:  3    Str:  9    XL:     8   Next: 86%
Magic:  6/17       EV: 14    Int: 25    God:
Gold:   344        SH:  0    Dex: 14    Spells: 4/15 levels left

rFire   . . .        h - +0 short sword
rCold   . . .        (no shield)
rNeg    . . .        d - +0 robe
rPois   .            u - +0 helmet
rElec   .            (no cloak)
rCorr   .            (no gloves)
SInv    .            (no boots)
Will    .....        (no amulet)
Stlth   +++          c - ring of wizardry
HPRegen 0.30/turn    (no ring)
MPRegen 0.15/turn

%: wizardry (x1)
@: very slightly contaminated
A: high MP 1, forlorn, divine attributes
a: no special abilities


You were on level 7 of the Dungeon.
You visited 2 branches of the dungeon, and saw 8 of its levels.

You collected 344 gold pieces.

Inventory:

Hand Weapons
 g - a +0 trident
 h - a +0 short sword (weapon)
 x - a +0 trident
Missiles
 b - a throwing net
 w - 12 poisoned darts (quivered)
Armour
 d - a +0 robe (worn)
 e - a +0 leather armour
 f - a +0 ring mail
 u - a +0 helmet (worn)
Jewellery
 c - a ring of wizardry (left hand)
 A - an amulet of regeneration
Talismans
 o - a flux talisman
 p - a granite talisman
 z - a talisman of death
Wands
 n - a wand of digging (3)
Scrolls
 a - a scroll of revelation
 i - a scroll of identify
 k - 2 scrolls of torment {unknown}
 m - a scroll of amnesia {unknown}
 r - a scroll of enchant weapon {unknown}
 s - a scroll of noise {unknown}
 v - a scroll of blinking {unknown}
 y - a scroll of poison {unknown}
 B - a scroll of silence {unknown}
 C - 3 scrolls of immolation {unknown}
Potions
 l - 3 potions of haste
 q - 3 potions of brilliance {unknown}
 t - a potion of lignification {unknown}


   Skills:
 + Level 3.0 Fighting
 + Level 4.7 Dodging
 + Level 5.1 Stealth
 + Level 4.2 Spellcasting
 + Level 4.3 Conjurations
 * Level 2.6 Hexes
 + Level 5.1 Fire Magic
 + Level 1.7 Air Magic


You had 4 spell levels left.
You knew the following spells:

 Your Spells              Type           Power      Damage    Failure   Level
a - Foxfire               Conj/Fire      100%       2x1d9     1%          1
b - Scorch                Fire           62%        2d7       1%          2
c - Inner Flame           Hex/Fire       24%        N/A       2%          3
d - Arcjolt               Conj/Air       10%        1d20      26%         5

Your spell library contained the following spells:

 Spells                   Type           Power      Damage    Failure   Level
 Volatile Blastmotes      Fire/Tloc      36%        2d13      4%          3
 Flame Wave               Conj/Fire      29%        2d9       5%          4
 Sublimation of Blood     Necr           5%         N/A       6%          2
 Gell's Gravitas          Tloc           5%         N/A       11%         3
 Ozocubu's Armour         Ice            5%         N/A       11%         3
 Iskenderun's Mystic Bla  Conj/Tloc      16%        2d5       16%         4
 Vhi's Electric Charge    Tloc/Air       18%        N/A       24%         4
 Animate Armour           Summ/Erth      10%        N/A       32%         4
 Petrify                  Alch/Erth      5%         N/A       32%         4
 Irradiate                Conj/Alch      8%         3d14      38%         5
 Metabolic Englaciation   Hex/Ice        5%         N/A       47%         5
 Plasma Beam              Fire/Air       11%        2x1d22    75%         6
 Simulacrum               Ice/Necr       2%         N/A       99%         6
 Disjunction              Tloc           2%         N/A       100%        8


Dungeon Overview and Level Annotations

Branches:
Dungeon (7/15)             Temple (1/1) D:6

Annotations:
D:5 2 runed translucent doors, xnavy's ghost, novice OnRe


Innate Abilities, Weirdness & Mutations

You have an increased reservoir of magic. (+10% MP)
You shall have no god before yourself.
Your divine heritage dramatically boosts your attributes as you level up.


Message History

a stone; a +0 whip
Things that are here:
a curare-tipped dart; a +0 club A scorpion comes into view.
The scorpion moves out of view.
Done exploring.
Done exploring.
You see here a +0 barding.
There is a stone staircase leading down here.
You climb downwards.
There is a stone staircase leading up here.
Saving game... please wait.
Welcome back, croobank the Demigod Fire Elementalist.
Press ? for a list of commands and other information.
Found a stone staircase leading down.
A gargoyle comes into view.
It is wielding a +2 flail of protection.
You see here 6 gold pieces.
A gargoyle is nearby!
The gargoyle hurls a stone arrow at you.
The stone arrow misses you.
Cast which spell? (? or * to list)
You miscast Arcjolt.
You are very lightly contaminated with residual magic.
You feel a strange surge of energy!
The gargoyle hits you with a +2 flail of protection!
Unknown command.
Casting: Arcjolt (quite dangerous; 26% risk of failure)
Confirm with . or Enter, or press ? or * to list all spells.
Flames lash the gargoyle but do no damage.
The gargoyle hurls a stone arrow at you.
The stone arrow misses you.
Casting: Scorch (safe; 1% risk of failure)
Confirm with . or Enter, or press ? or * to list all spells.
Flames lash the gargoyle but do no damage.
The gargoyle hits you with a +2 flail of protection!!
Casting: Scorch (safe; 1% risk of failure)
Confirm with . or Enter, or press ? or * to list all spells.
Flames lash the gargoyle but do no damage.
The gargoyle hits you with a +2 flail of protection!!
You die...

# #. #.
#.########
#####..#>.$..#
.......#.###.#
#9@.# #<#
###.# #.#
#.....#
###.### #.# .
. .# . #. ##


You could see a gargoyle.

Vanquished Creatures
  2 water moccasins (D:5)
  An ice beast (D:6)
  A black bear (D:6)
  2 ogres
  3 phantoms
  A kobold brigand (D:6)
  A gnoll sergeant (D:6)
  8 scorpions
  2 howler monkeys
  A jelly (D:4)
  A bombardier beetle (D:5)
  4 hounds
  2 orc priests
  A sleepcap (D:3)
  4 iguanas
  2 orc wizards
  7 gnolls
  12 adders
  A shadow imp (D:6)
  A worm (D:4)
  2 dart slugs
  18 orcs
  12 endoplasms
  2 giant cockroaches (D:4)
  5 goblins
  5 hobgoblins
  5 jackals
  A quokka (D:4)
  3 ball pythons
  5 bats
  4 frilled lizards
  13 kobolds
  5 rats
137 creatures vanquished.

Vanquished Creatures (collateral kills)
  A foxfire (D:6)
1 creature vanquished.

Vanquished Creatures (others)
  266 foxfires
266 creatures vanquished.

Grand Total: 404 creatures vanquished

Notes
Turn   | Place    | Note
-------+----------+-------------------------------------------
     0 | D:1      | croobank the Demigod Fire Elementalist began the quest for
                  | the Orb.
     0 | D:1      | Reached XP level 1. HP: 14/14 MP: 5/5
   183 | D:1      | Reached skill level 1 in Conjurations
   691 | D:1      | Reached XP level 2. HP: 20/20 MP: 4/7
   698 | D:1      | Learned a level 2 spell: Scorch
  1544 | D:2      | You fall into a shaft and drop 1 floor!
  1663 | D:2      | Reached XP level 3. HP: 26/26 MP: 3/8
  2157 | D:4      | Noticed a scorpion
  2297 | D:3      | Reached XP level 4. HP: 33/33 MP: 5/10
  3865 | D:3      | Reached XP level 5. HP: 35/38 MP: 8/11
  4122 | D:4      | Noticed an ogre
  4128 | D:4      | Killed an ogre
  4129 | D:4      | Reached XP level 6. HP: 45/45 MP: 4/13
  5331 | D:5      | Entered Level 5 of the Dungeon
  5337 | D:5      | Noticed a water moccasin
  5343 | D:5      | Killed a water moccasin
  5349 | D:5      | Reached XP level 7. HP: 30/51 MP: 4/15
  5569 | D:5      | Reached skill level 1 in Fighting
  5673 | D:5      | Found a runed translucent door.
  5680 | D:5      | Noticed xnavy's ghost (novice OnRe)
  6177 | D:5      | Found a runed translucent door.
  6474 | D:5      | Reached XP level 8. HP: 61/61 MP: 9/17
  6676 | D:5      | Learned a level 3 spell: Inner Flame
  6682 | D:5      | Learned a level 5 spell: Arcjolt
  7316 | D:6      | Reached skill level 1 in Hexes
  7412 | D:6      | Reached skill level 1 in Air Magic
  7640 | D:6      | Reached skill level 5 in Stealth
  7640 | D:6      | Reached skill level 5 in Fire Magic
  7891 | D:6      | Found a staircase to the Ecumenical Temple.
  7895 | Temple   | Entered the Ecumenical Temple
  8050 | D:6      | Got the Codex of the Relocated Retinue
  8504 | D:7      | Noticed a gargoyle
  8511 | D:7      | Mangled by a gargoyle

Illustrated notes

Levels and vault maps discovered:
D:1:      lemuel_arrival_broad_hall, layout_basic
D:2:      layout_basic, chequers_jeans, serial_bayou_pond_d
D:3:      layout_basic, serial_rivers, chequers_serial_rivers_micro_b,
          chequers_serial_rivers_small_a, chequers_serial_rivers_marsh,
          chequers_serial_rivers_micro_c
D:4:      layout_loops_ring, st_stairs_7, bh_walls_and_bars
D:5:      old_forge, layout_basic, ebering_ghost_sewer_f,
          chequers_serial_rivers_room_b, nrook_uturn
D:6:      layout_rooms, minmay_temple_entry_enclosed_plants, st_stairs_14,
          serial_library_hellmonk_hallway_a
D:7:      layout_loops_ring, mainiacjoe_overflow_brackets
Temple:   nicolae_temple_the_god_donut

Skill      XL: |  1  2  3  4  5  6  7  8 |
---------------+-------------------------+-----
Conjurations   | 1 2 3 4 |  4.3
Stealth        | 2 3 4 5 |  5.1
Dodging        | 2 3 4 |  4.7
Spellcasting   | 2 3 4 |  4.2
Fire Magic     | 3 4 5 |  5.1
Fighting       | 2 3 |  3.0
Hexes          | 2 |  2.6
Air Magic      | 1 |  1.7

Action                     |  1- 3 |  4- 6 |  7- 9 || total
---------------------------+-------+-------+-------++-------
  Melee: Unarmed           |     6 |       |       ||     6
         Short sword       |    12 |    39 |    23 ||    74
         Punch             |       |       |     1 ||     1
   Cast: Foxfire           |    55 |    56 |    52 ||   163
         Scorch            |    10 |    45 |    81 ||   136
         Inner Flame       |       |       |     1 ||     1
         Arcjolt           |       |       |     1 ||     1
    Use: Scroll            |       |     2 |     3 ||     5
         Potion            |       |     3 |     4 ||     7
   Stab: Sleeping          |       |     1 |     2 ||     3
 Armour: Robe              |    14 |    36 |    41 ||    91
  Dodge: Dodged            |    24 |    42 |    57 ||   123
         Form:             |       |     1 |       ||     1
         Statue            |       |     1 |       ||     1

Table legend: (Time is in decaauts)
 A = Elapsed time spent in this place.
 B = Non-inter-level travel time spent in this place.
 C = Inter-level travel time spent in this place.
 D = Time resting spent in this place.
 E = Time spent auto-exploring this place.
 F = Levels seen in this place.
 G = Mean time per level.
                   A        B        C        D        E       F      G
               +--------+--------+--------+--------+--------+-----+--------+
         Total |   8548 |   8337 |    211 |   2808 |   4141 |   8 | 1068.5 |
       Dungeon |   8340 |   8129 |    211 |   2607 |   4141 |   7 | 1191.4 |
        Temple |    207 |    207 |      0 |    201 |      0 |   1 |  207.0 |
               +--------+--------+--------+--------+--------+-----+--------+

Top non-repeatable levels by time:
     D:5: 2109 daAuts
     D:3: 1656 daAuts
     D:1: 1441 daAuts
     D:4: 1353 daAuts
     D:2: 896 daAuts
     D:6: 871 daAuts
  Temple: 207 daAuts
     D:7: 10 daAuts
